 Dungeon Crawl Stone Soup version 0.21.0-24-g2553a3340b (webtiles) character file.

68 GordonOverkill the Caller (level 4, -3/37 HPs)
             Began as a Ghoul Summoner on Jan 20, 2018.
             Slain by a goblin
             ... wielding a +0 dagger
             ... led by Robin
              (6 damage)
             ... on level 2 of the Dungeon.
             The game lasted 00:02:29 (1321 turns).

GordonOverkill the Caller (Ghoul Summoner)          Turns: 1321, Time: 00:02:30

Health: -3/37      AC:  2    Str: 12    XL:     4   Next: 19%
Magic:  5/5        EV: 12    Int: 10    God:
Gold:   24         SH:  0    Dex:  9    Spells: 5/6 levels left

rFire    . . .     SeeInvis .     - Unarmed
rCold    + . .     Gourm    .   (no shield)
rNeg     + + +     Faith    .   a - +0 robe
rPois    ∞         Spirit   .   (no helmet)
rElec    .         Reflect  .   (no cloak)
rCorr    .         Harm     .   (no gloves)
MR       .....                  (no boots)
Stlth    +++.......             (no amulet)
HPRegen  0.00/turn              m - ring of stealth
MPRegen  0.09/turn              (no ring)

@: rotting
A: rotting body, claws 1, carnivore, cold resistance 1, negative energy
resistance 3, inhibited regeneration, torment resistance, unbreathing
a: no special abilities


You were on level 2 of the Dungeon.
You were not hungry.

You visited 1 branch of the dungeon, and saw 2 of its levels.

You collected 24 gold pieces.

Inventory:

Armour
 a - a +0 robe (worn)
 g - a +0 ring mail
 r - a +0 shield
Jewellery
 m - a ring of stealth (left claw)
Scrolls
 i - a scroll of immolation {unknown}
 j - a scroll of enchant weapon {unknown}
 k - a scroll of remove curse {unknown}
 p - a scroll of teleportation {unknown}
 q - a scroll of blinking {unknown}
Potions
 e - a potion of mutation
 f - a potion of haste
 l - a potion of agility {unknown}
 o - a potion of flight {unknown}
 s - a potion of heal wounds {unknown}
Books
 b - a book of Callings

   Spells                             Type                      Level
   a - Summon Small Mammal            Summoning                    1
   b - Call Imp                       Summoning                    2
   c - Call Canine Familiar           Summoning                    3
   d - Summon Guardian Golem          Hexes/Summoning              3
   e - Summon Lightning Spire         Summoning/Air                4
   f - Summon Ice Beast               Ice/Summoning                4
Comestibles
 c - 3 rations
 n - 4 chunks of flesh


   Skills:
 - Level 2.3 Fighting
 - Level 2.0 Dodging
 - Level 2.1 Stealth
 + Level 2.8 Unarmed Combat
 - Level 1.7 Spellcasting
 - Level 3.6 Summonings


You had 5 spell levels left.
You knew the following spells:

 Your Spells              Type           Power        Failure   Level  Hunger
a - Summon Small Mammal   Summ           #...         8%          1    ##.....


Dungeon Overview and Level Annotations

Branches:
Dungeon (2/15)

Altars:

Annotations:
D:2 Robin


Innate Abilities, Weirdness & Mutations

Your body is rotting away.
You thrive on raw meat.
You are immune to poison.
You have sharp fingernails.
You are carnivorous and can eat meat at any time.
Your flesh is cold resistant. (rC+)
You are immune to negative energy. (rN+++)
You do not regenerate when monsters are visible.
You are immune to unholy pain and torment.
You can survive without breathing.


Message History

The hobgoblin hits you.
* * * LOW HITPOINT WARNING * * *
The goblin hits you but does no damage.
The adder hisses angrily.
Okay, then.
It was a potion of curing.
You feel better.
The hobgoblin no longer looks unusually strong.
Robin hits you with a dagger. The hobgoblin hits you.
* * * LOW HITPOINT WARNING * * *
The goblin hits you with a dagger.
* * * LOW HITPOINT WARNING * * *
As you read the scroll labeled ZONAZ ZUBEL, it crumbles to dust.
It is a scroll of identify.
e - a potion of mutation Robin hits you with a dagger.
* * * LOW HITPOINT WARNING * * *
The hobgoblin hits you.
* * * LOW HITPOINT WARNING * * *
The goblin hits you with a dagger.
You die...

.............#
..........g.#
..........S#
......gg<.# ..
.....)gg.# ....
.S.....# .....##g....#
#..gg#### # ####g@g.#
#. ####.# .##.## #.#
......### #.#
........#######.###
..................###
.........#########...#
##.........# #####
##.........#


You could see Robin, an adder, 2 hobgoblins and 2 goblins.

Vanquished Creatures
  Jessica (D:2)
  A gnoll (D:1)
  A dart slug (D:1)
  2 giant cockroaches (D:1)
  10 goblins
  6 hobgoblins
  A ball python (D:2)
  A bat (D:1)
  2 kobolds (D:1)
  A rat (D:2)
26 creatures vanquished.

Vanquished Creatures (collateral kills)
  A kobold (D:1)
1 creature vanquished.

Grand Total: 27 creatures vanquished

Notes
Turn   | Place    | Note
-------+----------+-------------------------------------------
     0 | D:1      | GordonOverkill the Ghoul Summoner began the quest for the Orb.
     0 | D:1      | Reached XP level 1. HP: 14/14 MP: 2/2
   230 | D:1      | Reached XP level 2. HP: 18/22 MP: 3/3
   459 | D:1      | Reached skill level 1 in Fighting
   459 | D:1      | Reached skill level 1 in Unarmed Combat
   641 | D:1      | Reached XP level 3. HP: 25/29 MP: 4/4
  1072 | D:2      | Noticed Jessica
  1093 | D:2      | Killed Jessica
  1198 | D:2      | Reached XP level 4. HP: 23/36 MP: 5/5
  1304 | D:2      | Noticed Robin
  1321 | D:2      | Slain by a goblin

Skill      XL: |  1  2  3 |
---------------+----------+-----
Dodging        | 2 |  2.0
Fighting       | 1 2 |  2.3
Unarmed Combat | 1 2 |  2.8
Stealth        | |  2.1
Spellcasting   | |  1.7
Summonings     | |  3.6

Action                   |  1- 3 |  4- 6 || total
-------------------------+-------+-------++-------
Melee: Unarmed           |    71 |    28 ||    99
       Punch             |     2 |       ||     2
 Cast: Summon Small Mamm |     2 |       ||     2
  Use: Scroll            |       |     1 ||     1
       Potion            |       |     1 ||     1
 Stab: Sleeping          |     1 |       ||     1
  Eat: Chunk             |    10 |     2 ||    12
Armor: Robe              |     6 |     8 ||    14
Dodge: Dodged            |    45 |    23 ||    68
